 Dungeon Sprint DCSS version 0.31-a0-18-gea43df2a32 (webtiles) character file.

Game seed: 1045899325035445186

2614 sircluck the Grappler (level 9, -1/90 HPs)
             Began as a Troll Berserker on May 10, 2023.
             Was a High Priest of Trog.
             Slain by a polar bear (3 damage)
             ... in the Dungeon (Sprint II: "The Violet Keep of Menkaure").
             The game lasted 00:03:05 (1067 turns).

sircluck the Grappler (Troll Berserker)             Turns: 1067, Time: 00:03:06

Health: -1/90      AC:  4    Str: 29    XL:     9   Next: 34%
Magic:  8/8        EV: 12    Int:  3    God:    Trog [*****.]
Gold:   556        SH:  0    Dex:  9    Spells: 8/8 levels left

rFire   . .          .
                       - Unarmed
rCold   . . .        (no shield)
rNeg    . . .        a - +0 animal skin
rPois   .            (helmet restricted)
rElec   .            (no cloak)
rCorr   .            (gloves unavailable)
SInv    .            (boots unavailable)
Will    .....        (no amulet)
Stlth   +            h - ring of flight
HPRegen 1.15/turn    (no ring)
MPRegen 0.11/turn

%: no teleportation
@: flying, unable to read, unable to drink
A: large, unfitting armour, claws 3, regeneration 1, shaggy fur 1, tough skin 1,
frail 1, weak 1, inability to drink after injury 1, inability to read after
injury 1
a: Renounce Religion, Berserk, Trog's Hand, Brothers in Arms


You were in the Dungeon.
You worshipped Trog.
Trog was extremely pleased with you.
You visited 1 branch You collected 731 gold pieces.
You spent 175 gold pieces at shops.

Inventory:

Armour
 a - a +0 animal skin (worn)
Jewellery
 h - a ring of flight (left claw)
Wands
 i - a wand of mindburst (5)
Scrolls
 g - a scroll of blinking
Potions
 b - a potion of curing
 c - a potion of heal wounds
 d - a potion of haste
 e - 2 potions of magic
 f - a potion of berserk rage


   Skills:
 + Level 9.7 Fighting
 + Level 10.2 Dodging
 + Level 0.1 Stealth
 + Level 14.8 Unarmed Combat


You had 8 spell levels left.
You didn't know any spells.
Your spell library was empty.

Dungeon Overview and Level Annotations

Branches:
Dungeon (1/1)

Altars:
Cheibriados
Dithmenos
Elyvilon
Fedhas
Gozag
Kikubaaqudgha
Makhleb
Nemelex Xobeh
Okawaru
Sif Muna
Trog
Uskayaw
Vehumet
Yredelemnul
Zin
Jiyva
Lugonu

Shops:
D =(:=*:([[?[[!(!

Annotations:
D exclusions: ice statue and oklob plant


Innate Abilities, Weirdness & Mutations

You are too large for most types of armour.
You have claws for hands.
Your natural rate of healing is unusually fast.
You are covered in fur. (AC +1)
You have tough skin. (AC +1)
You are frail. (-10% HP)
You are weak. (Str -2)
You occasionally lose the ability to drink potions when taking damage.
You occasionally lose the ability to read scrolls when taking damage.


Message History

The polar bear misses you.
The polar bear attacks as you move away!
The polar bear bites you. The polar bear claws you.
The polar bear claws you but does no damage.
The yaktaur unwields a +0 arbalest.
The yaktaur hits you.
You barely miss the yaktaur. The polar bear bites you!
The polar bear claws you. The polar bear closely misses you.
You mangle the yaktaur!!
The yaktaur is severely wounded.
The yaktaur hits you!
You feel threatened and lose the ability to read scrolls!
You feel threatened and lose the ability to drink potions!
The polar bear misses you. The polar bear claws you.
The polar bear claws you but does no damage.
You scratch the yaktaur.
The yaktaur is almost dead.
The yaktaur hits you!
You claw the yaktaur!
You kill the yaktaur!
Trog accepts your kill.
You hear a splash. x2
The polar bear is engulfed in a cloud of scalding steam.
The polar bear bites you!
* * * LOW HITPOINT WARNING * * *
The polar bear claws you but does no damage.
The polar bear closely misses you.
The polar bear is engulfed in a cloud of scalding steam. x2
Really fly into that cloud of steam?
Okay, then.
Really fly into a travel-excluded area?
The polar bear is engulfed in a cloud of scalding steam.
The polar bear misses you. The polar bear closely misses you.
The polar bear claws you but does no damage.
The polar bear attacks as you move away!
The polar bear bites you!
* * * LOW HITPOINT WARNING * * *
The polar bear claws you.
* * * LOW HITPOINT WARNING * * *
The polar bear claws you.
You die...

'.##'.<.'.##+..### .##.#▓?
#..###.##...#....###...##▓▓
##.###'###.##......~~~~~~~~
~####...####~~.....~#+#####
~~~#..#..#~~~§~~~..~#_._._.
'#~##.#.##~~§§~~~~.§#._._._
.#~~##'##~~~§§§~~h~~#_._._.
###~~~~~~~~~§≈≈§§hh~#._._._
#+++#+++#~≈≈≈≈@§≈~#.._._.
#SSSSS§§##≈≈≈###§§#..._._
≈≈≈SSSSS≈##≈≈#.#§≈#...._.
+≈≈≈≈≈≈≈§≈≈≈+≈≈#'#§§#....._
##≈≈≈≈≈§≈≈≈##§≈§≈≈§§#######
##≈≈§≈≈§≈###########~~~~~~
####+####.......###~#####
#.....°.°.##~#
+..°..8..°..+~#


You could see 3 polar bears.

Vanquished Creatures
  2 boulder beetles (D)
  A yaktaur (D)
  A hornet (D)
  4 neqoxecs (D)
  A vampire mosquito (D)
  Menkaure (D)
  A water moccasin (D)
  4 necrophages (D)
  2 worms (D)
17 creatures vanquished.

Notes
Turn   | Place    | Note
-------+----------+-------------------------------------------
     0 | D        | sircluck the Troll Berserker began the quest for the Orb.
     0 | D        | Reached XP level 1. HP: 22/22 MP: 0/0
     1 | D        | Noticed a boulder beetle
     1 | D        | Noticed a boulder beetle
     5 | D        | Noticed a neqoxec
    37 | D        | Noticed a neqoxec
    41 | D        | Gained mutation: You are weak. (Str -2) [a neqoxec]
    43 | D        | Gained mutation: You occasionally lose the ability to drink
                  | potions when taking damage. [a neqoxec]
    45 | D        | Killed a neqoxec
    46 | D        | Reached skill level 5 in Fighting
    46 | D        | Reached skill level 5 in Dodging
    46 | D        | Reached skill level 6 in Unarmed Combat
    46 | D        | Reached XP level 2. HP: 35/35 MP: 1/1
    46 | D        | Reached XP level 3. HP: 42/42 MP: 2/2
    46 | D        | Reached XP level 4. HP: 50/50 MP: 3/3
    54 | D        | Killed a neqoxec
    54 | D        | Reached ** piety under Trog
    55 | D        | Reached skill level 7 in Unarmed Combat
    55 | D        | Reached XP level 5. HP: 55/59 MP: 4/4
   100 | D        | Reached skill level 8 in Unarmed Combat
   100 | D        | Reached XP level 6. HP: 49/68 MP: 5/5
   104 | D        | Reached skill level 9 in Unarmed Combat
   105 | D        | Reached *** piety under Trog
   197 | D        | Noticed a neqoxec
   203 | D        | Gained mutation: You are frail. (-10% HP) [a neqoxec]
   211 | D        | Killed a neqoxec
   212 | D        | Reached skill level 10 in Unarmed Combat
   212 | D        | Reached XP level 7. HP: 28/71 MP: 6/6
   255 | D        | Found Xoigaeh's Antique Armour Emporium.
   255 | D        | Found Nugyac's Antique Armour Emporium.
   255 | D        | Found Ruwn's Distillery.
   255 | D        | Found Xaodepix's Antique Armour Shoppe.
   255 | D        | Found Zoimuqusi's Magic Scroll Shoppe.
   257 | D        | Found Jucutyud's Antique Weapon Shoppe.
   257 | D        | Found Icuer's Distillery.
   257 | D        | Found Zywuepp's Armour Shoppe.
   257 | D        | Found Luxzio's Weapon Shoppe.
   258 | D        | Found Daedywu's Book Shoppe.
   258 | D        | Noticed a slime creature
   258 | D        | Noticed a vampire mosquito
   262 | D        | Killed a vampire mosquito
   262 | D        | Reached **** piety under Trog
   264 | D        | Noticed Menkaure
   275 | D        | HP: 1/108 [boulder beetle (10)]
   277 | D        | Killed a boulder beetle
   278 | D        | Reached skill level 12 in Unarmed Combat
   278 | D        | Reached XP level 8. HP: 3/80 MP: 7/7
   279 | D        | Killed Menkaure
   342 | D        | Found Joss's Assorted Antiques.
   342 | D        | Found Ummuip's Jewellery Shoppe.
   342 | D        | Noticed a slime creature
   342 | D        | Noticed a slime creature
   342 | D        | Noticed an oklob plant
   348 | D        | Killed a boulder beetle
   349 | D        | Reached skill level 13 in Unarmed Combat
   349 | D        | Reached XP level 9. HP: 59/88 MP: 8/8
   349 | D        | Found Fefuf's Antique Weapon Shoppe.
   349 | D        | Found Hirhodduo's Book Shoppe.
   349 | D        | Found Ylag's Jewellery Emporium.
   358 | D        | Gained mutation: You occasionally lose the ability to read
                  | scrolls when taking damage. [a neqoxec]
   360 | D        | Reached ***** piety under Trog
   361 | D        | Reached skill level 14 in Unarmed Combat
   362 | D        | Noticed a death yak
   395 | D        | Bought a ring of flight for 175 gold pieces
   459 | D        | Reached skill level 10 in Dodging
   837 | D        | HP: 2/90 [electric eel/bolt of electricity (10)]
  1021 | D        | Noticed an ice statue
  1028 | D        | Found a white marble altar of Elyvilon.
  1028 | D        | Found a blossoming altar of Fedhas.
  1028 | D        | Found a burning altar of Makhleb.
  1034 | D        | Found a shadowy altar of Dithmenos.
  1034 | D        | Found a corrupted altar of Lugonu.
  1035 | D        | Found a snail-covered altar of Cheibriados.
  1035 | D        | Found an ancient bone altar of Kikubaaqudgha.
  1035 | D        | Found an opulent altar of Gozag.
  1035 | D        | Found a bloodstained altar of Trog.
  1035 | D        | Found a sparkling altar of Nemelex Xobeh.
  1035 | D        | Found a hide-covered altar of Uskayaw.
  1036 | D        | Found a viscous altar of Jiyva.
  1036 | D        | Found a shimmering blue altar of Sif Muna.
  1036 | D        | Found a basalt altar of Yredelemnul.
  1037 | D        | Found an iron altar of Okawaru.
  1037 | D        | Found a radiant altar of Vehumet.
  1037 | D        | Found a glowing silver altar of Zin.
  1043 | D        | Noticed a polar bear
  1043 | D        | Noticed a polar bear
  1044 | D        | Noticed a polar bear
  1046 | D        | Noticed a yaktaur
  1065 | D        | Killed a yaktaur
  1067 | D        | HP: 2/90 [polar bear (4)]
  1067 | D        | Slain by a polar bear

Illustrated notes

Levels and vault maps discovered:
D:        the_violet_keep_of_menkaure [sprint2_stairs_cluster_1,
          sprint2_shoproom, sprint2_temple, sprint2_basic_supplies,
          sprint2_obstacle_7, sprint2_obstacle_2, sprint2_obstacle_4,
          sprint2_obstacle_3, sprint2_obstacle_6, sprint2_timed_cluster_1,
          sprint2_smallroom_cluster_1, sprint2_smallroom_final_cluster_1,
          sprint2_transparent_cluster_1, sprint2_second_timed_cluster_1,
          sprint2_sniper_area_1, sprint2_heavy_combat_area_1,
          sprint2_mutation_trap_area_1, sprint2_forest_area_1,
          sprint2_light_combat_area_1, sprint2_behind_water_1,
          sprint2_near_end_vault_1]

Skill      XL: |  1  2  3  4  5  6  7  8  9 |
---------------+----------------------------+-----
Fighting       | 5 6 7 8 9 |  9.7
Dodging        | 5 6 8 9 10 | 10.2
Unarmed Combat | 6 7 8 10 12 13 14 | 14.8
Stealth        | |  0.1

Action                     |  1- 3 |  4- 6 |  7- 9 || total
---------------------------+-------+-------+-------++-------
  Melee: Unarmed           |     8 |    24 |    41 ||    73
         Punch             |       |     1 |     3 ||     4
 Invoke: Berserk           |     1 |       |     1 ||     2
 Armour: Animal skin       |       |    10 |     7 ||    17
  Dodge: Dodged            |     2 |    14 |    22 ||    38

Table legend: (Time is in decaauts)
 A = Elapsed time spent in this place.
 B = Non-inter-level travel time spent in this place.
 C = Inter-level travel time spent in this place.
 D = Time resting spent in this place.
 E = Time spent auto-exploring this place.
 F = Levels seen in this place.
 G = Mean time per level.
                   A        B        C        D        E       F      G
               +--------+--------+--------+--------+--------+-----+--------+
         Total |   1072 |   1072 |      0 |    810 |     81 |   1 | 1072.0 |
       Dungeon |   1072 |   1072 |      0 |    810 |     81 |   1 | 1072.0 |
               +--------+--------+--------+--------+--------+-----+--------+

Top non-repeatable levels by time:
       D: 1072 daAuts
